 Dungeon Crawl Stone Soup version 0.18-b1-16-g289874d (webtiles) character file.

64 Peloso the Covered (level 3, -4/33 HPs)
             Began as a Minotaur Fighter on May 1, 2016.
             Killed by nerve-wracking pain
             ... invoked by Grinder
              (13 damage)
             ... on level 3 of the Dungeon.
             The game lasted 01:01:18 (1473 turns).

Peloso the Covered (Minotaur Fighter)               Turns: 1473, Time: 01:01:18

Health: -4/33      AC:  8    Str: 20    XL:     3   Next: 91%
Magic:  2/2        EV:  8    Int:  5    God:
Gold:   135        SH:  9    Dex: 10    Spells: 0 memorised, 2 levels left

rFire  . . .     SeeInvis .     a - +0 long sword
rCold  . . .     Gourm    .     b - +0 scale mail
rNeg   . . .     Faith    .     c - +0 shield
rPois  .         Spirit   .     (helmet restricted)
rElec  .         Dismiss  .     (no cloak)
rCorr  .         Reflect  .     m - +0 pair of gloves
SustAt .         Harm     .     (no boots)
MR     .....                    (no amulet)
Stlth  ..........               (no ring)
                                (no ring)

@: not resistant to hostile enchantments, extremely unstealthy
A: retaliatory headbutt, horns 2
a: no special abilities


You were on level 3 of the Dungeon.
You were not hungry.

You visited 1 branch of the dungeon, and saw 3 of its levels.

You collected 135 gold pieces.

Inventory:

Hand Weapons
 a - a +0 long sword (weapon)
Armour
 b - a +0 scale mail (worn)
 c - a +0 shield (worn)
 m - a +0 pair of gloves (worn)
Scrolls
 e - a scroll of blinking {unknown}
 g - 3 scrolls of teleportation {unknown}
 i - a scroll of amnesia {unknown}
 l - 2 scrolls of magic mapping {unknown}
 o - 2 scrolls of identify {unknown}
Potions
 d - 2 potions of might
 j - 2 potions of haste {unknown}
 n - a potion of degeneration {unknown}
 p - a potion of heal wounds {unknown}
Comestibles
 f - 2 bread rations
 h - 2 slices of pizza
 k - a meat ration


   Skills:
 + Level 4.1 Fighting
 + Level 2.9 Long Blades
 + Level 4.5 Armour
 + Level 1.2 Dodging
 + Level 4.1 Shields


You had 2 spell levels left.
You didn't know any spells.

Dungeon Overview and Level Annotations

Branches:
Dungeon (3/15)

Altars:
Dithmenos
Ru
Vehumet

Annotations:
D:3 Grinder


Innate Abilities, Weirdness & Mutations

You reflexively headbutt those who attack you in melee.
You have a pair of horns on your head.


Message History

Grinder hits you.
You writhe in agony.
Grinder blinks!
Unknown command.
Unknown command.
You barely miss Grinder.
Grinder is severely wounded.
Grinder hits you!
You writhe in agony.
You hit Grinder.
Grinder is severely wounded.
Grinder gestures at you. Pain shoots through your body!
* * * LOW HITPOINT WARNING * * *
You barely miss Grinder.
Grinder is severely wounded.
Grinder closely misses you.
Grinder blinks!
Unknown command.
You closely miss Grinder. Your headbutt misses Grinder.
Grinder is severely wounded.
Grinder gestures at you. Pain shoots through your body!
You die...

##### #...#
#######...########
..................
#########5@.########
#######...........+
......#.#######...#
.####.#.### #...#
..........# #...#
..........# #...#
.....รท....# #####
###.#...###
....#.#.#


You could see Grinder.

Vanquished Creatures
  2 adders (D:2)
  A dart slug (D:1)
  4 giant geckos
  4 bats
  2 giant cockroaches
  4 hobgoblins
  4 jackals (D:2)
  6 kobolds
  A quokka (D:3)
  A ball python (D:2)
  A giant newt (D:1)
  3 goblins
  5 rats
38 creatures vanquished.

Notes
Turn   | Place    | Note
--------------------------------------------------------------
     0 | D:1      | Peloso the Minotaur Fighter began the quest for the Orb.
     0 | D:1      | Reached XP level 1. HP: 19/19 MP: 0/0
   203 | D:1      | Reached XP level 2. HP: 27/27 MP: 1/1
   690 | D:2      | Reached XP level 3. HP: 28/33 MP: 2/2
   692 | D:2      | Found a radiant altar of Vehumet.
   777 | D:2      | Found a shadowy altar of Dithmenos.
   801 | D:2      | Reached skill level 1 in Dodging
  1199 | D:2      | Found a sacrificial altar of Ru.
  1452 | D:3      | Noticed Grinder
  1461 | D:3      | Paralysed by Grinder for 4 turns
  1473 | D:3      | Killed from afar by Grinder

Skill      XL: |  1  2  3 |
---------------+----------+-----
Armour         | 4 |  4.5
Fighting       | 4 |  4.1
Shields        | 4 |  4.1
Dodging        | 1 |  1.2
Long Blades    | |  2.9

Action                   || total
-------------------------++-------
Melee: Long sword        ||    96
       Headbutt          ||    14
  Eat: Chunk             ||     2
Armor: Scale mail        ||    61
Dodge: Dodged            ||    40
Block: Shield            ||    73
